[Event "Titled Tuesday Blitz October 25 Early 2022"]
[White "Mirzoev, Azer"]
[Black "Zemlyanskii, Ivan"]
[WhiteFideId "13400304"]
[BlackFideId "24249971"]
[WhiteElo "2525"]
[BlackElo "2107"]
[Result "1-0"]
[Round "09"]
[TimeControl "180+1"]
[Date "2022.10.25"]
[WhiteClock "0:00:09"]
[BlackClock "0:00:04"]

1. d4 Nf6 2. Nf3 e6 3. Bf4 b6 4. e3 Bb7 5. h3 g6 6. Bh2 Bg7 7. Be2 O-O 8. O-O d6 9. c4 Ne4 10. Nbd2 Nd7 11. Nxe4 Bxe4 12. Rc1 Qe7 13. a3 Rad8 14. b4 c5 15. Re1 Bb7 16. dxc5 Ne5 17. cxb6 axb6 18. Nxe5 dxe5 19. Qc2 f5 20. Red1 Ra8 21. Qb3 Qg5 22. Bf1 f4 23. exf4 exf4 24. f3 e5 25. c5+ Kh8 26. c6 Bc8 27. Kh1 Bf5 28. Bd3 e4 29. Bxe4 Bxe4 30. fxe4 f3 31. gxf3 Qh5 32. f4 Rac8 33. e5 Bh6 34. Rf1 Qe2 35. Qf3 Qb2 36. Rc4 Qa2 37. Rfc1 Qd2 38. b5 g5 39. f5 g4 40. hxg4 Qb2 41. Rd1 Qxb5 42. Qd5 Qb3 43. e6 Bg7 44. Re4 Qc2 45. c7 Rfe8 46. g5 Qf2 47. f6 Qf3+ 48. Kg1 Bxf6 49. Rc4 Rg8 50. Qxf3 1-0


[Site "https://www.chess.com"]

[Event "Titled Tuesday Blitz October 25 Early 2022"]
[White "Molina, Roberto Junio Brito"]
[Black "Indjic, Aleksandar"]
[WhiteFideId "2109450"]
[BlackFideId "911925"]
[WhiteElo "2388"]
[BlackElo "2592"]
[Result "0-1"]
[Round "09"]
[TimeControl "180+1"]
[Date "2022.10.25"]
[WhiteClock "0:01:01"]
[BlackClock "0:01:25"]

1. d4 Nf6 2. c4 c5 3. d5 e6 4. Nc3 exd5 5. cxd5 d6 6. e4 g6 7. h3 Bg7 8. Nf3 O-O 9. Bd3 Re8 10. O-O Nbd7 11. Bf4 c4 12. Bc2 Nc5 13. Re1 b5 14. a3 Qb6 15. Nd4 Bd7 16. Qd2 a5 17. Nc6 b4 18. Na4 Nxa4 19. Bxa4 Nxe4 20. Qc2 b3 21. Qe2 c3 22. Be3 Qb7 23. bxc3 Nxc3 24. Qc4 Nxa4 25. Qxa4 Bxa1 26. Rxa1 Rac8 27. Rc1 b2 28. Rb1 Bxc6 29. dxc6 Qxc6 30. Qxc6 Rxc6 31. Rxb2 Rc3 32. Rb6 Rxa3 33. Rxd6 h5 34. Ra6 a4 35. g4 hxg4 36. hxg4 Re4 37. g5 Raxe3 38. fxe3 Rxe3 39. Kf2 Re5 40. Ra5 Rxa5 0-1


[Site "https://www.chess.com"]

[Event "Titled Tuesday Blitz October 25 Early 2022"]
[White "Oparin, Grigoriy"]
[Black "Postny, Evgeny"]
[WhiteFideId "24125890"]
[BlackFideId "2804344"]
[WhiteElo "2639"]
[BlackElo "2473"]
[Result "1/2-1/2"]
[Round "09"]
[TimeControl "180+1"]
[Date "2022.10.25"]
[WhiteClock "0:00:23"]
[BlackClock "0:00:05"]

1. d4 d5 2. c4 c6 3. Nf3 Nf6 4. Nc3 a6 5. e3 b5 6. b3 Bg4 7. Bd2 e6 8. a4 b4 9. Na2 a5 10. Be2 Nbd7 11. O-O Bd6 12. Nc1 Ne4 13. Nd3 O-O 14. Rc1 Qe7 15. h3 Bxf3 16. Bxf3 f5 17. Be1 Rae8 18. Qe2 Bb8 19. cxd5 cxd5 20. Rc6 Rc8 21. Ra6 Nc3 22. Bxc3 Rxc3 23. Rb1 Bc7 24. Nc1 Nb8 25. Na2 Nxa6 26. Qxa6 Rc2 27. Nc1 Qd6 28. Qxd6 Bxd6 29. Bd1 Rd2 30. Ne2 f4 31. exf4 Bxf4 32. g3 Bd6 33. Rc1 Rf7 34. Rc8+ Bf8 35. Rc1 g6 36. Kf1 Bd6 37. Ke1 Rb2 38. Rc6 Rd7 39. Nc1 Rc7 40. Rxc7 Bxc7 41. Nd3 Ra2 42. Nc1 Ra1 43. Kd2 Bb6 44. Ne2 Ra2+ 45. Bc2 Ra1 46. Bd1 Kf7 47. f4 Ke7 48. g4 Kd6 49. g5 Kd7 50. h4 Ke7 51. Kc2 Ra2+ 52. Kc1 Rxe2 53. Bxe2 Bxd4 54. Kd2 Bf2 55. Bb5 Bxh4 56. Ke3 Bg3 57. Kf3 Be1 58. Ke2 Bc3 59. Ke3 Bg7 60. Bc6 Bc3 61. Bb5 Kd6 62. Be8 Ke7 63. Bb5 1/2-1/2


[Site "https://www.chess.com"]

[Event "Titled Tuesday Blitz October 25 Early 2022"]
[White "Papasimakopoulos, Alexandros"]
[Black "Lymar, Vladislav"]
[WhiteFideId "4244125"]
[BlackFideId "14162180"]
[WhiteElo "2357"]
[BlackElo "2094"]
[Result "0-1"]
[Round "09"]
[TimeControl "180+1"]
[Date "2022.10.25"]
[WhiteClock "0:00:01"]
[BlackClock "0:00:03"]

1. d4 d5 2. c4 dxc4 3. Nf3 Nf6 4. e3 Bg4 5. Bxc4 e6 6. Nbd2 Bd6 7. O-O O-O 8. Be2 Nbd7 9. Nc4 Qe7 10. b3 Rfd8 11. Bb2 Nb6 12. Nfe5 Bxe2 13. Qxe2 Nxc4 14. Nxc4 Rac8 15. Rac1 c6 16. e4 Bb8 17. Rfd1 c5 18. Ba3 b6 19. dxc5 bxc5 20. f3 Qc7 21. g3 h5 22. Nb2 Rxd1+ 23. Rxd1 h4 24. f4 Qb7 25. e5 Nd5 26. Qf3 Qa6 27. Nc4 Nb6 28. Qd3 Nxc4 29. bxc4 Bc7 30. Bxc5 Qxa2 31. Rd2 Qa1+ 32. Kg2 Ba5 33. Bd4 Qa4 34. Rc2 Qc6+ 35. Qf3 h3+ 36. Kf2 Qa4 37. Qd3 Rd8 38. Ke3 Qd7 39. Qe4 Qa4 40. c5 Rxd4 0-1


[Site "https://www.chess.com"]

[Event "Titled Tuesday Blitz October 25 Early 2022"]
[White "Paravyan, David"]
[Black "Dubov, Daniil"]
[WhiteFideId "4194985"]
[BlackFideId "24126055"]
[WhiteElo "2555"]
[BlackElo "2791"]
[Result "0-1"]
[Round "09"]
[TimeControl "180+1"]
[Date "2022.10.25"]
[WhiteClock "0:00:01"]
[BlackClock "0:00:18"]

1. e4 e5 2. Nf3 Nc6 3. Nc3 Nf6 4. d4 exd4 5. Nxd4 Bb4 6. Nxc6 bxc6 7. Bd3 O-O 8. O-O d5 9. exd5 cxd5 10. h3 Rb8 11. Be3 Be7 12. Bxa7 Rxb2 13. Bd4 c5 14. Bxf6 Bxf6 15. Nxd5 Bd4 16. Be4 Bb7 17. c3 Bxd5 18. Bxd5 Qxd5 19. cxd4 cxd4 20. Qd3 Rd8 21. Rfe1 h6 22. a4 Rb3 23. Qe4 Qa5 24. Qe7 d3 25. Re5 Qa8 26. Rf5 Rb7 27. Qe3 d2 28. Rd1 Rbd7 29. a5 Qc6 30. g3 Qc2 31. Qf3 Re7 32. Kg2 Qxd1 33. Qxd1 Re1 34. Rd5 Rxd5 0-1


[Site "https://www.chess.com"]

[Event "Titled Tuesday Blitz October 25 Early 2022"]
[White "Pultinevicius, Paulius"]
[Black "Dardha, Daniel"]
[WhiteFideId "12809390"]
[BlackFideId "240990"]
[WhiteElo "2500"]
[BlackElo "2528"]
[Result "1-0"]
[Round "09"]
[TimeControl "180+1"]
[Date "2022.10.25"]
[WhiteClock "0:00:03"]
[BlackClock "0:00:02"]

1. d4 d5 2. c4 e6 3. Nf3 Nf6 4. Nc3 c5 5. e3 a6 6. a3 dxc4 7. Bxc4 b5 8. Ba2 Bb7 9. O-O Nbd7 10. Qe2 Be7 11. Rd1 Qc7 12. d5 exd5 13. Nxd5 Nxd5 14. Bxd5 Nf6 15. Bxb7 Qxb7 16. b3 O-O 17. Bb2 Rfd8 18. Ne5 Bf8 19. Rac1 Rd5 20. f3 Re8 21. Nd3 Qb6 22. Nf4 Rf5 23. Qf2 Qc6 24. g4 Rg5 25. h4 Nxg4 26. fxg4 Rxg4+ 27. Kh2 Qh6 28. Kh3 f5 29. Ng2 Bd6 30. Qxf5 Rg3+ 31. Kh2 Rf3+ 32. Rxd6 Qxd6+ 33. Nf4 Qd2+ 34. Kh1 Qxb2 35. Rg1 Qe5 36. Qd7 Qe7 37. Qg4 Rxe3 38. Nd5 Qe4+ 39. Qxe4 R3xe4 40. Nf6+ Kf7 41. Nxe4 Re7 42. Rf1+ Kg6 43. Nxc5 Re3 44. Rb1 a5 45. a4 bxa4 46. bxa4 Rh3+ 47. Kg2 Rxh4 48. Rb5 h5 49. Rxa5 Rg4+ 50. Kf3 Rc4 51. Ne4 Rb4 52. Rg5+ Kh6 53. a5 Ra4 54. Rb5 h4 55. Kf4 h3 56. Kf3 h2 57. Nf2 Ra2 58. Kg2 Rxf2+ 59. Kh1 1-0


[Site "https://www.chess.com"]

[Event "Titled Tuesday Blitz October 25 Early 2022"]
[White "Sarana, Alexey"]
[Black "Perez Ponsa, Federico"]
[WhiteFideId "24133795"]
[BlackFideId "117927"]
[WhiteElo "2689"]
[BlackElo "2604"]
[Result "0-1"]
[Round "09"]
[TimeControl "180+1"]
[Date "2022.10.25"]
[WhiteClock "0:00:17"]
[BlackClock "0:01:08"]

1. c4 Nf6 2. Nc3 g6 3. d4 d6 4. e4 Bg7 5. Be2 O-O 6. Be3 e5 7. d5 Na6 8. Nf3 Nc5 9. Nd2 a5 10. g4 c6 11. f3 a4 12. h4 h5 13. g5 Ne8 14. Qc2 Qa5 15. O-O-O Bd7 16. Kb1 Nc7 17. a3 Rfb8 18. Na2 N7a6 19. Qc3 Qc7 20. Nb4 Be8 21. Rc1 Qe7 22. Ka2 Qc7 23. Rhd1 Qe7 24. Rc2 Qc7 25. Bf2 Qe7 26. Nb1 Nb3 27. Nxa6 Rxa6 28. c5 Raa8 29. cxd6 Qxd6 30. dxc6 Qxc6 31. Bc4 Nd4 32. Rcc1 Bd7 33. Qd3 Be6 34. Bxd4 b5 35. Bxe6 Qxe6+ 36. Ka1 exd4 37. f4 b4 38. e5 bxa3 39. bxa3 Rb3 40. Qxd4 Rab8 41. Rd2 Bf8 42. Qxa4 Qb6 43. Qe4 Bxa3 44. Rcd1 Bb2+ 45. Rxb2 Rxb2 46. Qd3 Ra2+ 0-1


[Site "https://www.chess.com"]

[Event "Titled Tuesday Blitz October 25 Early 2022"]
[White "Shankland, Sam"]
[Black "Gharibyan, Mamikon"]
[WhiteFideId "2004887"]
[BlackFideId "13308300"]
[WhiteElo "2612"]
[BlackElo "2378"]
[Result "1-0"]
[Round "09"]
[TimeControl "180+1"]
[Date "2022.10.25"]
[WhiteClock "0:01:34"]
[BlackClock "0:00:03"]

1. d4 Nf6 2. c4 e6 3. Nc3 d5 4. Bg5 Bb4 5. e3 h6 6. Bh4 c5 7. cxd5 Qa5 8. Ne2 Nxd5 9. a3 Bxc3+ 10. bxc3 cxd4 11. exd4 O-O 12. Qd2 Nc6 13. c4 Qxd2+ 14. Kxd2 Nb6 15. c5 Nd5 16. Rb1 b6 17. Bg3 Rd8 18. Bd6 Nde7 19. g4 Bb7 20. Bg2 Nc8 21. Bg3 Rd7 22. Rhc1 N8e7 23. Ke1 Rad8 24. cxb6 axb6 25. Rxb6 h5 26. gxh5 Ra8 27. Bh4 Nd5 28. Rbxc6 Bxc6 29. Rxc6 Rxa3 30. Rc1 Kh7 31. Bg5 f5 32. h4 Ra2 33. Be3 Rb2 34. Bf3 Ra7 35. Bxd5 exd5 36. Nf4 Ra5 37. Kf1 Rba2 38. Kg2 1-0


[Site "https://www.chess.com"]

[Event "Titled Tuesday Blitz October 25 Early 2022"]
[White "Srihari L R"]
[Black "Pranav, V"]
[WhiteFideId "46617116"]
[BlackFideId "25060783"]
[WhiteElo "2336"]
[BlackElo "2430"]
[Result "1/2-1/2"]
[Round "09"]
[TimeControl "180+1"]
[Date "2022.10.25"]
[WhiteClock "0:00:03"]
[BlackClock "0:00:05"]

1. d4 d6 2. Nf3 Nf6 3. g3 g6 4. Bg2 Bg7 5. O-O O-O 6. Nc3 Nc6 7. d5 Nb8 8. e4 e5 9. dxe6 Bxe6 10. h3 Nc6 11. Kh2 Re8 12. Re1 h6 13. a3 Kh7 14. Be3 d5 15. exd5 Nxd5 16. Nxd5 Bxd5 17. Ng5+ hxg5 18. Qxd5 Qxd5 19. Bxd5 Bxb2 20. Rab1 Bc3 21. Red1 Ne5 22. Bxb7 Rab8 23. Bxa7 Rbd8 24. Rxd8 Rxd8 25. Be3 g4 26. a4 gxh3 27. Kxh3 Nc4 28. Bf4 c5 29. Ba6 Na5 30. Rb6 Rd1 31. Rb5 c4 32. Bc7 Nc6 33. Rc5 Nd4 34. Rxc4 Be1 35. Bb6 Nf5 36. Rc7 Rd6 37. a5 Bxa5 38. Bxa5 Rxa6 39. Bc3 Ra2 40. Rxf7+ Kg8 41. Rf6 Rxc2 42. Rxg6+ Kh7 43. Rf6 Rxf2 44. Be5 Rf1 45. Bf4 Ng7 46. Kg2 Ra1 47. Rf7 Ra2+ 48. Kf3 Kg6 49. Rb7 Ne6 50. Rb6 Kf5 51. g4+ Kf6 52. Be3 Ra5 53. Ke4 Kf7 54. Rb7+ Kg6 55. Rb6 Kf7 56. Rb7+ Kf6 57. Rb6 Ra4+ 58. Kf3 Ke5 59. Rb5+ Kf6 60. Rb6 Rc4 61. g5+ Kf5 62. g6 Rc8 63. Bh6 Kf6 64. g7 Re8 65. Kg4 Kf7 66. Rb7+ Kg6 67. Bf4 Nxg7 68. Rb6+ Ne6 69. Be5 Re7 70. Ra6 Re8 71. Rb6 Re7 72. Ra6 Re8 73. Rb6 1/2-1/2


[Site "https://www.chess.com"]

[Event "Titled Tuesday Blitz October 25 Early 2022"]
[White "Svane, Frederik"]
[Black "Hasangatin, Ramil"]
[WhiteFideId "12923044"]
[BlackFideId "4122160"]
[WhiteElo "2466"]
[BlackElo "2358"]
[Result "1/2-1/2"]
[Round "09"]
[TimeControl "180+1"]
[Date "2022.10.25"]
[WhiteClock "0:01:00"]
[BlackClock "0:01:05"]

1. e4 d5 2. exd5 Qxd5 3. Nc3 Qd6 4. d4 Nf6 5. Nf3 c6 6. g3 Bg4 7. Bg2 e6 8. O-O Be7 9. Bf4 Qd8 10. Qd2 Bxf3 11. Bxf3 O-O 12. Ne2 Nd5 13. c3 Nd7 14. Rad1 N7b6 15. Qc1 Nxf4 16. Nxf4 Bg5 17. h4 Bh6 18. Rfe1 Nd5 19. Bxd5 cxd5 20. Re5 Qf6 21. Rde1 Bxf4 22. Qxf4 Qxf4 23. gxf4 g6 24. Kg2 b5 25. h5 Kg7 26. Kf3 a5 27. Ke3 Rfc8 28. Kd3 Kf6 29. R1e2 Rc6 30. Rc2 Rac8 31. b3 Ke7 32. Re3 Kf6 33. Re5 Ke7 34. Re3 R8c7 35. Rg3 Kf6 36. Rg5 a4 37. b4 Rc8 38. Kd2 Rg8 39. Rc1 Rgc8 40. a3 Rc4 41. Rg3 R4c6 42. Re1 R6c7 43. Re5 Rd8 44. Reg5 Rcc8 45. Re5 Rg8 46. Reg5 Rgd8 47. R5g4 Re8 48. Rg5 Rf8 49. Ke2 Rfd8 50. Re3 Re8 51. Reg3 Rf8 52. Re3 Rh8 53. Reg3 Rhf8 54. Kd2 Rcd8 55. Re5 Rfe8 56. Reg5 Rf8 57. Re5 Rfe8 58. Ke2 Rf8 59. Kf1 Rfe8 60. Kg2 Rf8 61. Kh3 Rc8 62. Kg2 Rcd8 63. Kf1 Rc8 64. Ke1 Rcd8 65. Kd2 1/2-1/2


[Site "https://www.chess.com"]

[Event "Titled Tuesday Blitz October 25 Early 2022"]
[White "Zhigalko, Sergei"]
[Black "Rozman, Levy"]
[WhiteFideId "13502956"]
[BlackFideId "2039877"]
[WhiteElo "2662"]
[BlackElo "2376"]
[Result "0-1"]
[Round "09"]
[TimeControl "180+1"]
[Date "2022.10.25"]
[WhiteClock "0:00:05"]
[BlackClock "0:00:13"]

1. e4 e6 2. d4 d5 3. e5 c5 4. c3 Ne7 5. Nf3 b6 6. Bd3 Nec6 7. O-O Be7 8. Re1 Ba6 9. Bc2 Nd7 10. Be3 cxd4 11. Bxd4 g5 12. a3 g4 13. Nfd2 h5 14. b4 Nxd4 15. cxd4 Rc8 16. Nf1 Qc7 17. Bd3 Bxd3 18. Qxd3 Qc4 19. Qe3 Rg8 20. Nbd2 Qc3 21. Qxc3 Rxc3 22. Rec1 Rd3 23. Rc7 Rxd4 24. Rxa7 Nxe5 25. Ra8+ Bd8 26. Rc1 Kd7 27. Ra7+ Kd6 28. a4 Rxb4 29. Rc8 Rf8 30. g3 Be7 31. Rcc7 Re8 32. Kg2 Bg5 33. Rcb7 Re7 34. Rxe7 Bxe7 35. a5 bxa5 36. Rxa5 Rb2 37. Ra6+ Kd7 38. Ra7+ Kd6 39. Ra6+ Kc7 40. Ra7+ Rb7 41. Ra2 Bc5 42. h3 Kd6 43. hxg4 hxg4 44. Nh2 f5 45. Ra6+ Rb6 46. Ra2 Nc4 47. Nxc4+ dxc4 48. Nf1 c3 49. Rc2 Bd4 50. f3 Kd5 51. fxg4 fxg4 52. Nh2 Rb2 53. Rxb2 cxb2 54. Nxg4 b1=Q 55. Nh2 Qg1+ 56. Kh3 Be5 57. Nf3 Qxg3# 0-1


[Site "https://www.chess.com"]

[Event "Titled Tuesday Blitz October 25 Early 2022"]
[White "Al Hosani, Omran"]
[Black "Wagner, Dennis"]
[WhiteFideId "9308733"]
[BlackFideId "24650684"]
[WhiteElo "2167"]
[BlackElo "2470"]
[Result "1-0"]
[Round "10"]
[TimeControl "180+1"]
[Date "2022.10.25"]
[WhiteClock "0:00:10"]
[BlackClock "0:00:08"]

1. d4 Nf6 2. c4 e6 3. Nc3 Bb4 4. a3 Bxc3+ 5. bxc3 d6 6. f3 c5 7. e4 Nc6 8. Bd3 cxd4 9. cxd4 Nxd4 10. Bb2 Qa5+ 11. Kf1 e5 12. Bxd4 exd4 13. Ne2 Qc5 14. Rb1 Qxa3 15. Nxd4 O-O 16. h4 Nh5 17. Ne2 f5 18. exf5 Bxf5 19. Bxf5 Rxf5 20. Rb3 Qa6 21. g4 Qxc4 22. gxh5 Raf8 23. Rh3 Qg4 24. Ng1 Kh8 25. Qxd6 R5f6 26. Qd3 Qxh5 27. Kg2 Rg6+ 28. Rg3 Rxg3+ 29. Kxg3 Qf7 30. Nh3 a5 31. Qd6 a4 32. Re3 b5 33. Ng5 Qf5 34. Ne6 Qg6+ 35. Kf2 Rg8 36. Qd7 h6 37. Nf4 Qc2+ 38. Re2 Qc5+ 39. Kg2 Qb6 40. Qd3 Rd8 41. Qf5 Qf6 42. Ng6+ Kg8 43. Qxf6 gxf6 44. Ne7+ Kf7 45. Nc6 Ra8 46. Re7+ Kg6 47. Nb4 a3 48. Re2 Ra4 49. Na2 b4 50. Re4 Kf5 51. Rxb4 Rxb4 52. Nxb4 Kf4 53. Kf2 h5 54. Kg2 Ke3 55. Nc2+ Kd2 56. Nxa3 Ke2 57. Nb5 f5 58. Nd6 f4 59. Ne4 Ke3 60. Nf6 Kd4 61. Nxh5 Ke5 62. Ng7 Kf6 63. Ne8+ Kf5 64. Nd6+ Ke5 65. Nc4+ Kd4 66. Nd2 Ke5 67. Ne4 Kf5 68. Kh3 Ke5 69. Kg4 1-0


[Site "https://www.chess.com"]

[Event "Titled Tuesday Blitz October 25 Early 2022"]
[White "Al-Tarboush, Ward"]
[Black "Gormally, Daniel W"]
[WhiteFideId "7601450"]
[BlackFideId "406465"]
[WhiteElo "2269"]
[BlackElo "2553"]
[Result "1-0"]
[Round "10"]
[TimeControl "180+1"]
[Date "2022.10.25"]
[WhiteClock "0:01:51"]
[BlackClock "0:01:20"]

1. e4 c5 2. Nf3 d6 3. d4 cxd4 4. Nxd4 Nf6 5. Nc3 a6 6. h3 e5 7. Nde2 h5 8. Bg5 Be7 9. g3 Be6 10. Bg2 Nbd7 11. a4 Rc8 12. O-O O-O 13. b3 Nh7 14. Be3 h4 15. g4 Nc5 16. Qd2 Bg5 17. Rad1 Bxe3 18. Qxe3 Qe7 19. Kh1 Ng5 20. f4 exf4 21. Nxf4 g6 22. Nfd5 Bxd5 23. Nxd5 Qe5 24. Nf6+ Kg7 25. Rd5 Nce6 26. Rxe5 dxe5 27. c4 Rfd8 28. Nd5 b5 29. Qf2 Rd7 30. Qf6+ Kh6 31. Qxe5 bxc4 32. bxc4 Rxc4 33. Qh8+ Nh7 34. Nf6 1-0


[Site "https://www.chess.com"]

[Event "Titled Tuesday Blitz October 25 Early 2022"]
[White "Baskakov, Egor"]
[Black "Yeremyan, Alen"]
[WhiteFideId "24197866"]
[BlackFideId "13308998"]
[WhiteElo "2211"]
[BlackElo "2159"]
[Result "1-0"]
[Round "10"]
[TimeControl "180+1"]
[Date "2022.10.25"]
[WhiteClock "0:00:11"]
[BlackClock "0:00:03"]

1. e4 c5 2. Nf3 Nc6 3. Nc3 Nf6 4. e5 Ng4 5. Qe2 Qc7 6. Nd5 Qb8 7. d4 e6 8. h3 exd5 9. hxg4 Qc7 10. Bf4 Be7 11. O-O-O c4 12. c3 b5 13. Qc2 h6 14. g5 b4 15. gxh6 g6 16. Bg5 bxc3 17. bxc3 Rb8 18. Bf6 Bxf6 19. exf6 Qd6 20. Qa4 Qxf6 21. Re1+ Kf8 22. Qa3+ d6 23. Ne5 Ne7 24. Qxa7 Rb7 25. Qa5 Kg8 26. h7+ Kg7 27. Nf3 Qf4+ 28. Re3 Bf5 29. g3 Rb1+ 30. Kd2 Rhb8 31. Qa3 R8b2+ 32. Qxb2 Rxb2+ 33. Kc1 Rc2+ 34. Kd1 Qxf3+ 35. Rxf3 Kh8 36. Rxf5 Rxa2 37. Rxf7 Ra1+ 38. Ke2 1-0


[Site "https://www.chess.com"]

[Event "Titled Tuesday Blitz October 25 Early 2022"]
[White "Chernobay, Artem"]
[Black "Zou, Chen"]
[WhiteFideId "4167406"]
[BlackFideId "8610959"]
[WhiteElo "2473"]
[BlackElo "2325"]
[Result "1-0"]
[Round "10"]
[TimeControl "180+1"]
[Date "2022.10.25"]
[WhiteClock "0:00:14"]
[BlackClock "0:00:02"]

1. e4 c5 2. Nf3 d6 3. d4 cxd4 4. Qxd4 Nc6 5. Bb5 Bd7 6. Bxc6 Bxc6 7. Nc3 Nf6 8. Bg5 e6 9. O-O-O Be7 10. Rhe1 O-O 11. Qd3 Qa5 12. Kb1 Rfd8 13. h4 Be8 14. Nd4 Rac8 15. f3 b5 16. g4 b4 17. Nce2 Ba4 18. Ng3 Qc7 19. Nh5 Ne8 20. Bxe7 Qxe7 21. g5 g6 22. Ng3 e5 23. Nb3 Ng7 24. Qa6 Be8 25. Rd2 Ne6 26. Red1 Rc6 27. Qa5 Rb8 28. Nf1 Rcb6 29. Ne3 Rb5 30. Qa6 R8b6 31. Qc8 Rc6 32. Qa8 Nc7 33. Qc8 Ne6 34. Qa8 Nc7 35. Qc8 Kg7 36. Qg4 a5 37. h5 a4 38. Nc1 a3 39. b3 Bd7 40. Qh4 Ne6 41. hxg6 fxg6 42. Rh1 Kg8 43. Nd5 Qf7 44. Nf6+ Kf8 45. Qxh7 1-0


[Site "https://www.chess.com"]

[Event "Titled Tuesday Blitz October 25 Early 2022"]
[White "Dardha, Daniel"]
[Black "Paravyan, David"]
[WhiteFideId "240990"]
[BlackFideId "4194985"]
[WhiteElo "2528"]
[BlackElo "2555"]
[Result "1/2-1/2"]
[Round "10"]
[TimeControl "180+1"]
[Date "2022.10.25"]
[WhiteClock "0:00:03"]
[BlackClock "0:00:04"]

1. e4 e5 2. Nf3 Nf6 3. d4 Nxe4 4. Bd3 d5 5. Nxe5 Nd7 6. Nxd7 Bxd7 7. Nc3 Nxc3 8. bxc3 Bd6 9. O-O h5 10. Re1+ Kf8 11. Qf3 Bg4 12. Qe3 Qf6 13. h3 Bd7 14. Qg5 Qxg5 15. Bxg5 f6 16. Be3 Kf7 17. c4 dxc4 18. Bxc4+ Be6 19. Bd3 Rad8 20. c4 b6 21. a4 Rhe8 22. a5 Bb4 23. axb6 axb6 24. Reb1 Bc3 25. Ra7 Bxd4 26. Rxc7+ Re7 27. Rxe7+ Kxe7 28. Bxd4 Rxd4 29. Be2 Rd6 30. Rb5 Rc6 31. f3 h4 32. Kf2 Kd6 33. Ke3 Kc7 34. Kd4 Rd6+ 35. Kc3 Bd7 36. Rh5 g5 37. f4 gxf4 38. Rxh4 Bc6 39. Rxf4 Bxg2 40. h4 Re6 41. Bd3 Re3 42. Kd4 Rh3 43. Be2 f5 44. h5 Kd6 45. Rxf5 Rh4+ 46. Kc3 Be4 47. Rg5 Rh2 48. Bg4 Rg2 49. h6 Bb1 50. Rg7 Ke5 51. Bf3 Rh2 52. Rg5+ Kf6 53. Rh5 Rxh5 54. Bxh5 Kg5 55. Be2 Kxh6 56. Bd3 Ba2 57. Kb4 Kg5 58. Kb5 Kf4 59. c5 bxc5 60. Kxc5 1/2-1/2


[Site "https://www.chess.com"]

[Event "Titled Tuesday Blitz October 25 Early 2022"]
[White "Dubov, Daniil"]
[Black "Shankland, Sam"]
[WhiteFideId "24126055"]
[BlackFideId "2004887"]
[WhiteElo "2791"]
[BlackElo "2612"]
[Result "1/2-1/2"]
[Round "10"]
[TimeControl "180+1"]
[Date "2022.10.25"]
[WhiteClock "0:01:26"]
[BlackClock "0:01:39"]

1. e4 c5 2. Nf3 d6 3. Bb5+ Bd7 4. Bxd7+ Nxd7 5. c3 Ngf6 6. Qe2 e6 7. d4 Be7 8. e5 Nd5 9. c4 Nc7 10. Bf4 d5 11. Nc3 Nb6 12. dxc5 Bxc5 13. b3 Bb4 14. Bd2 O-O 15. O-O Rc8 16. Rad1 Qe7 17. Bg5 Qe8 18. Nb5 Nxb5 19. cxb5 h6 20. Bxh6 gxh6 21. Rd4 Be7 22. Rg4+ Kh7 23. Qd3+ Kh8 24. Qe3 Kh7 25. Qd3+ Kh8 26. Qd2 Kh7 27. Qd3+ 1/2-1/2


[Site "https://www.chess.com"]

[Event "Titled Tuesday Blitz October 25 Early 2022"]
[White "Fernandez Guillen, Ernesto J."]
[Black "Postny, Evgeny"]
[WhiteFideId "3512428"]
[BlackFideId "2804344"]
[WhiteElo "2422"]
[BlackElo "2473"]
[Result "0-1"]
[Round "10"]
[TimeControl "180+1"]
[Date "2022.10.25"]
[WhiteClock "0:00:40"]
[BlackClock "0:00:31"]

1. e4 e5 2. Nf3 Nc6 3. d4 exd4 4. Bc4 Nf6 5. O-O Nxe4 6. Re1 d5 7. Bxd5 Qxd5 8. Nc3 Qa5 9. Nxe4 Be6 10. Bd2 Qf5 11. Bg5 h6 12. Bh4 Qh5 13. Bf6 Qg6 14. Nh4 Qh7 15. Qh5 Be7 16. Bxe7 Kxe7 17. Nc5 Rae8 18. Rxe6+ fxe6 19. Ng6+ Kd8 20. Nxh8 Qxh8 21. Nxb7+ Kc8 22. Qb5 Nd8 23. Nc5 Re7 24. Rd1 g5 25. Qa6+ Kb8 26. Rd3 c6 0-1


[Site "https://www.chess.com"]

[Event "Titled Tuesday Blitz October 25 Early 2022"]
[White "Gharibyan, Mamikon"]
[Black "Oparin, Grigoriy"]
[WhiteFideId "13308300"]
[BlackFideId "24125890"]
[WhiteElo "2378"]
[BlackElo "2639"]
[Result "0-1"]
[Round "10"]
[TimeControl "180+1"]
[Date "2022.10.25"]
[WhiteClock "0:00:01"]
[BlackClock "0:01:16"]

1. d4 Nf6 2. c4 e6 3. Nf3 d5 4. cxd5 exd5 5. Nc3 c6 6. Bf4 Bf5 7. e3 Nbd7 8. h3 Be7 9. Bd3 Bxd3 10. Qxd3 O-O 11. O-O a5 12. Na4 Re8 13. Rac1 Ne4 14. Qb3 Ra7 15. Rfd1 h6 16. a3 Bf8 17. Qd3 Nd6 18. Nc3 Nc4 19. Rc2 a4 20. e4 dxe4 21. Nxe4 b5 22. Re2 Ndb6 23. Rde1 Rae7 24. Nh4 Nd5 25. Bc1 Nd6 26. Nxd6 Rxe2 27. Rxe2 Rxe2 28. Qxe2 Qxd6 29. Nf5 Qe6 30. Qc2 h5 31. h4 g6 32. Ne3 Bg7 33. Nxd5 Qxd5 34. Be3 Bxd4 35. Bg5 Bg7 36. g3 c5 37. Qe2 c4 0-1


[Site "https://www.chess.com"]

[Event "Titled Tuesday Blitz October 25 Early 2022"]
[White "Gokerkan, Cem Kaan"]
[Black "Maghsoodloo, Parham"]
[WhiteFideId "6336760"]
[BlackFideId "12539929"]
[WhiteElo "2365"]
[BlackElo "2676"]
[Result "0-1"]
[Round "10"]
[TimeControl "180+1"]
[Date "2022.10.25"]
[WhiteClock "0:00:01"]
[BlackClock "0:00:43"]

1. e4 c5 2. c3 Nf6 3. e5 Nd5 4. d4 e6 5. Nf3 cxd4 6. cxd4 b6 7. Bd3 Ba6 8. O-O Be7 9. Nc3 Nxc3 10. bxc3 Bxd3 11. Qxd3 d5 12. exd6 Qxd6 13. a4 O-O 14. Ba3 Qc7 15. Bxe7 Qxe7 16. a5 Nd7 17. axb6 axb6 18. Rxa8 Rxa8 19. h3 h6 20. Rb1 Qd6 21. c4 Ra3 22. Qe4 Qc7 23. d5 e5 24. Re1 f6 25. Nh4 Nc5 26. Qg4 Qd7 27. Qg6 Qf7 28. Qg4 Qd7 29. Qg6 Qf7 30. Qg4 Kh7 31. Rd1 h5 32. Qf5+ g6 33. Qc8 e4 34. d6 Rd3 35. Rxd3 exd3 36. Nf3 Kg7 37. Qc7 Nd7 38. Qc6 Qe6 39. Qc7 Kf7 40. Qc6 g5 41. Kh1 g4 42. hxg4 hxg4 43. Ng1 d2 0-1


[Site "https://www.chess.com"]

[Event "Titled Tuesday Blitz October 25 Early 2022"]
[White "Halkias, Stelios"]
[Black "Averjanov, Alexey"]
[WhiteFideId "4201809"]
[BlackFideId "14109867"]
[WhiteElo "2453"]
[BlackElo "2693"]
[Result "1/2-1/2"]
[Round "10"]
[TimeControl "180+1"]
[Date "2022.10.25"]
[WhiteClock "0:00:16"]
[BlackClock "0:01:35"]

1. Nf3 d5 2. d4 Nf6 3. c4 dxc4 4. e3 e6 5. Bxc4 a6 6. O-O b5 7. Be2 Bb7 8. a4 b4 9. Nbd2 Nbd7 10. Nc4 c5 11. a5 Qc7 12. Bd2 Be7 13. Rc1 O-O 14. Qb3 Rab8 15. Rfd1 Rfc8 16. Nfe5 h6 17. h3 Bd5 18. Qa4 Qb7 19. Bf1 Rc7 20. Nxd7 Nxd7 21. e4 Bxe4 22. Bf4 Rbc8 23. Bxc7 Qxc7 24. dxc5 Nxc5 25. Qa2 b3 26. Qa1 Bc2 27. Rd2 Bg5 28. Rdxc2 bxc2 29. Rxc2 Qf4 30. Nb6 Rc7 31. Qd1 Ne4 32. g3 Nxg3 33. Rxc7 Qxc7 34. fxg3 Qxg3+ 35. Kh1 Be3 36. Qd8+ Kh7 37. Qd3+ f5 38. Bg2 Qf2 39. Qf1 Qg3 40. Qf3 Qe1+ 41. Qf1 Qg3 42. Qf3 1/2-1/2


[Site "https://www.chess.com"]

[Event "Titled Tuesday Blitz October 25 Early 2022"]
[White "Hasangatin, Ramil"]
[Black "Kamsky, Gata"]
[WhiteFideId "4122160"]
[BlackFideId "2000024"]
[WhiteElo "2358"]
[BlackElo "2666"]
[Result "1/2-1/2"]
[Round "10"]
[TimeControl "180+1"]
[Date "2022.10.25"]
[WhiteClock "0:01:56"]
[BlackClock "0:01:57"]

1. e4 e5 2. Nf3 Nc6 3. Nc3 Nf6 4. d4 exd4 5. Nxd4 Bb4 6. Nxc6 bxc6 7. Bd3 O-O 8. O-O d5 9. exd5 cxd5 10. Bg5 c6 11. h3 h6 12. Bh4 a5 13. Ne2 a4 14. b3 Be7 15. Nd4 Bd7 16. Nf5 Bxf5 17. Bxf5 Re8 18. Qf3 Ne4 19. Bxe4 Bxh4 20. Bd3 axb3 21. axb3 Rxa1 22. Rxa1 Qf6 23. Qxf6 Bxf6 1/2-1/2


[Site "https://www.chess.com"]